 Dungeon Crawl Stone Soup version 0.28.0-53-g5a82cb258f (webtiles) character file.

Game seed: 16765225128053362897

875 Jwatts the Covered (level 7, 0/61 HPs)
             Began as a Minotaur Fighter on July 6, 2022.
             Slain by a killer bee (1 damage)
             ... on level 5 of the Dungeon.
             The game lasted 00:34:25 (7766 turns).

Jwatts the Covered (Minotaur Fighter)               Turns: 7766, Time: 00:34:26

Health: 0/61       AC: 13    Str: 22    XL:     7   Next: 74%
Magic:  6/6        EV:  6    Int:  5    God:
Gold:   382        SH:  5    Dex: 12    Spells: 6/6 levels left

rFire   . . .      SeeInvis .   u - +0 flail (protect)
rCold   . . .      Faith    .   c - +0 buckler
rNeg    . . .      Spirit   .   j - +0 plate armour
rPois   .          Reflect  .   (helmet restricted)
rElec   .          Harm     .   (no cloak)
rCorr   .          Rampage  .   (no gloves)
Will    .....                   (no boots)
Stlth   ..........              (no amulet)
HPRegen 0.20/turn               (no ring)
MPRegen 0.10/turn               (no ring)

@: lethally poisoned (0 -> -7)
A: horns 2, retaliatory headbutt, agile 1, mutation resistance 1
a: no special abilities


You were on level 5 of the Dungeon.
You visited 1 branch of the dungeon, and saw 5 of its levels.
You also visited: Sewer.

You collected 382 gold pieces.

Inventory:

Hand Weapons
 a - a +1 flail of draining
 m - a +1 short sword of holy wrath
 u - a +0 flail of protection (weapon)
Missiles
 e - a poisoned dart (quivered)
 t - 11 stones
 v - 22 arrows
Armour
 c - a +0 buckler (worn)
 j - a +0 plate armour (worn)
Magical Staves
 r - a staff of cold
Scrolls
 b - 2 scrolls of identify
 g - a scroll of holy word
 h - 2 scrolls of enchant weapon
 k - 2 scrolls of silence
 l - 4 scrolls of teleportation
 q - a scroll of vulnerability
 s - a scroll of summoning
Potions
 d - 2 potions of might
 f - a potion of heal wounds {unknown}
 i - 3 potions of curing
 n - a potion of invisibility
 o - a potion of lignification
 p - a potion of degeneration
 w - a potion of haste


   Skills:
 + Level 5.1 Fighting
 + Level 6.6 Maces & Flails
 + Level 1.1 Throwing
 + Level 7.2 Armour
 + Level 1.4 Dodging
 + Level 5.0 Shields


You had 6 spell levels left.
You didn't know any spells.
Your spell library contained the following spells:

 Spells                   Type           Power      Damage    Failure   Level
 Foxfire                  Conj/Fire      0%         2x1d4     100%        1
 Conjure Flame            Conj/Fire      0%         6-21      100%        3
 Inner Flame              Hex/Fire       0%         N/A       100%        3
 Lesser Beckoning         Tloc           0%         N/A       100%        3
 Animate Dead             Necr           0%         N/A       100%        4
 Flame Wave               Conj/Fire      0%         2d4       100%        4
 Fulminant Prism          Conj/Hex       0%         3d6       100%        4
 Borgnjor's Vile Clutch   Necr/Erth      0%         N/A       100%        5
 Conjure Ball Lightning   Conj/Air       0%         3x3d6     100%        6
 Death Channel            Necr           0%         N/A       100%        6


Dungeon Overview and Level Annotations

Branches:
Dungeon (5/15)              Sewer (visited)
 Temple: D:4-7

Altars:
Xom
The Shining One

Shops:
D:2 =


Innate Abilities, Weirdness & Mutations

You have a pair of horns on your head.
You reflexively headbutt those who attack you in melee.
You are agile. (Dex +2)
You are somewhat resistant to further mutation.


Message History

You closely miss the killer bee. You headbutt the killer bee.
The killer bee is moderately wounded.
You feel sick. The killer bee stings you!
* * * LOW HITPOINT WARNING * * *
The killer bee barely misses you. You furiously retaliate!
You headbutt the killer bee, but do no damage.
The killer bee completely misses you. The killer bee closely misses you.
The killer bee stings you but does no damage.
You miss the killer bee. Your headbutt misses the killer bee.
The killer bee is moderately wounded.
* * * LOW HITPOINT WARNING * * *
You feel sick.
The killer bee stings you but does no damage.
The killer bee stings you.
* * * LOW HITPOINT WARNING * * *
You are more poisoned.
The killer bee poisons you!
The killer bee stings you but does no damage.
You block the killer bee's attack.
You don't know any spells.
You don't know any spells.
You feel better.
The killer bee stings you but does no damage.
You block the killer bee's attack.
The killer bee stings you but does no damage.
You block the killer bee's attack.
You closely miss the killer bee.
The killer bee is moderately wounded.
The killer bee stings you but does no damage.
The killer bee stings you.
* * * LOW HITPOINT WARNING * * *
You are lethally poisoned!
The killer bee poisons you! You block the killer bee's attack.
The killer bee stings you.
* * * LOW HITPOINT WARNING * * *
You miss the killer bee.
The killer bee is moderately wounded.
* * * LOW HITPOINT WARNING * * *
You feel sick. The killer bee stings you.
You die...

#.# #.#
###.###.#
#.<.##..#
#.####.##
#.##...#
#.#..###
#.#.##
####.#.#
#.@y...#
#y##.###
##.##.#
#..##y#
#....###y#
##.## #.#
#.....†.#
######...
#....


You could see 2 killer bees.

Vanquished Creatures
  Edmund (D:4)
  A water moccasin (D:5)
  Pargi (Sewer)
  A black bear (D:4)
  A scorpion (D:5)
  3 killer bees (D:5)
  3 hounds (D:4)
  An iguana (D:5)
  4 adders
  4 river rats (D:5)
  A worm (D:5)
  2 dart slugs (D:1)
  5 orcs
  8 endoplasms
  3 giant cockroaches
  4 goblins
  14 hobgoblins
  5 quokkas
  7 ball pythons
  6 bats
  2 frilled lizards
  7 kobolds
  8 rats
92 creatures vanquished.

Notes
Turn   | Place    | Note
-------+----------+-------------------------------------------
     0 | D:1      | Jwatts the Minotaur Fighter began the quest for the Orb.
     0 | D:1      | Reached XP level 1. HP: 19/19 MP: 0/0
   914 | D:1      | Reached XP level 2. HP: 27/27 MP: 1/1
   918 | D:1      | Reached skill level 4 in Armour
  1896 | D:1      | Reached XP level 3. HP: 33/33 MP: 2/2
  1972 | D:2      | Gained mutation: You are somewhat resistant to further
                  | mutation. [potion of mutation]
  1972 | D:2      | Gained mutation: You are agile. (Dex +2) [potion of
                  | mutation]
  3010 | D:2      | Found Faaqurhimo's Jewellery Shop.
  3211 | D:3      | Found a faded altar of an unknown god.
  3263 | D:3      | Reached XP level 4. HP: 40/40 MP: 3/3
  4837 | D:3      | Found a glowing golden altar of the Shining One.
  5095 | D:4      | Noticed a black bear
  5103 | D:4      | Killed a black bear
  5104 | D:4      | Reached skill level 5 in Armour
  5104 | D:4      | Reached skill level 1 in Dodging
  5104 | D:4      | Reached XP level 5. HP: 46/46 MP: 4/4
  5698 | D:4      | Reached skill level 1 in Throwing
  5754 | D:4      | Found a shimmering altar of Xom.
  5761 | D:4      | Reached XP level 6. HP: 53/53 MP: 5/5
  5784 | D:4      | Found a shimmering altar of Xom.
  5788 | D:4      | Found a shimmering altar of Xom.
  5799 | D:4      | Found a shimmering altar of Xom.
  6167 | D:4      | Got the Catalogue of Confrontation and the Voyage
  6357 | D:4      | Noticed Edmund
  6373 | D:4      | Killed Edmund
  6374 | D:4      | Reached skill level 5 in Maces & Flails
  6374 | D:4      | Reached skill level 6 in Armour
  6714 | D:5      | Entered Level 5 of the Dungeon
  6961 | D:5      | Reached XP level 7. HP: 51/60 MP: 6/6
  7019 | D:5      | Found a glowing drain.
  7037 | Sewer    | Entered a sewer
  7066 | Sewer    | Noticed Pargi
  7075 | Sewer    | Killed Pargi
  7743 | D:5      | Reached skill level 5 in Fighting
  7743 | D:5      | Reached skill level 5 in Shields
  7759 | D:5      | Reached skill level 7 in Armour
  7762 | D:5      | HP: 2/61 [killer bee (7)]
  7766 | D:5      | Slain by a killer bee

Illustrated notes

Levels and vault maps discovered:
D:1:      scummos_arrival_hexagon, layout_loops_ring, serial_glass,
          glass_columns_b, glass_columns_a
D:2:      layout_loops_ring, serial_shops, shop, minmay_misc_feat_plants
D:3:      layout_loops_ring, tso_altar,
          hellmonk_ecumenical_altar_pennies_from_heaven, minmay_goblin_outpost
D:4:      layout_basic, xom_redecorated, minmay_fractal_squares_diagonal_5,
          uniq_edmund, uniq_crazy_yiuf_cottage
D:5:      layout_rooms, portal_sewer_entry_e, item_on_display_a

Skill      XL: |  1  2  3  4  5  6  7 |
---------------+----------------------+-----
Armour         | 4 5 6 7 |  7.2
Maces & Flails | 3 4 5 6 |  6.6
Shields        | 4 5 |  5.0
Fighting       | 4 5 |  5.1
Dodging        | 1 |  1.4
Throwing       | 1 |  1.1

Action                   |  1- 3 |  4- 6 |  7- 9 || total
-------------------------+-------+-------+-------++-------
Melee: Flail             |    92 |    99 |    37 ||   228
       Headbutt          |     5 |    19 |     6 ||    30
Throw: Dart              |       |    10 |       ||    10
  Use: Scroll            |     8 |     4 |       ||    12
       Potion            |     5 |     2 |     1 ||     8
Armor: Scale mail        |    50 |    15 |       ||    65
       Plate armour      |       |    82 |    56 ||   138
Dodge: Dodged            |    43 |    52 |    25 ||   120
Block: Buckler           |    24 |    31 |    22 ||    77
